 Dungeon Crawl Stone Soup version 0.24.0-125-gc4c63601f3 (webtiles) character file.

Game seed: 6738665498276588082, levelgen mode: deterministic

44269 Peloso the Fencer (level 13, -1/118 HPs)
             Began as a Minotaur Fighter on Feb 25, 2020.
             Was the Champion of Okawaru.
             Slain by a death yak (2 damage)
             ... while petrified by you
             ... on level 6 of the Lair of Beasts.
             The game lasted 00:38:19 (20130 turns).

Peloso the Fencer (Minotaur Fighter)               Turns: 20130, Time: 00:38:20

Health: -1/118     AC: 23    Str: 24    XL:     13   Next: 95%
Magic:  13/13      EV:  2    Int:  5    God:    Okawaru [******]
Gold:   1277       SH:  0    Dex: 17    Spells: 12/12 levels left

rFire    . . .     SeeInvis .   a - +4 double sword (holy)
rCold    . . .     Gourm    .   c - +1 shield
rNeg     + + +     Faith    .   R - +1 chain mail of Happiness {*Contam +Fly rCorr}
rPois    ∞         Spirit   .   (helmet restricted)
rElec    .         Reflect  .   o - +0 cloak
rCorr    +         Harm     .   M - +0 pair of gloves
MR       .....                  w - +1 pair of boots
Stlth    ..........             (no amulet)
HPRegen  0.29/turn              e - +5 ring of dexterity
MPRegen  0.13/turn              i - +4 ring of protection

@: petrified, studying Stealth
A: retaliatory headbutt, horns 2
a: Heroism, Finesse, Renounce Religion, Evoke Flight


You were on level 6 of the Lair of Beasts.
You worshipped Okawaru.
Okawaru was exalted by your worship.
You were hungry.

You visited 2 branches of the dungeon, and saw 18 of its levels.
You also visited: Sewer and Ossuary.

You collected 1277 gold pieces.

Inventory:

Hand Weapons
 a - a +4 double sword of holy wrath (weapon)
 b - a +2 war axe of flaming
 H - the +1 mace "Huwu Voq" {crush, rF+ MR+}
   (You found it on level 4 of the Dungeon)

   It inflicts extra damage upon your enemies.
   It protects you from fire.
   It affects your resistance to hostile enchantments.
 V - a +2 long sword of slicing
Armour
 c - a +1 shield (worn)
 l - a +0 plate armour
 o - a +0 cloak (worn)
 p - a +1 pair of boots
 w - a +1 pair of boots (worn)
 M - a +0 pair of gloves (worn)
 R - the +1 chain mail of Happiness (worn) {*Contam +Fly rCorr}
   (Okawaru gifted it to you on level 11 of the Dungeon)

   It lets you fly.
   It causes magical contamination when unequipped.
   It provides partial protection from all sources of acid and corrosion.
 X - the +11 crystal plate armour "Gubbaj Luon" {rF- rCorr Int-4 Stlth+, unknown}
   (Okawaru gifted it to you on level 6 of the Lair of Beasts)

   It affects your intelligence (-4).
   It makes you vulnerable to fire.
   It provides partial protection from all sources of acid and corrosion.
   It makes you more stealthy.
Jewellery
 e - a +5 ring of dexterity (left hand)
 i - a +4 ring of protection (right hand)
 A - a cursed ring of flight {unknown}
 E - a +5 ring of intelligence {unknown}
 F - a +4 ring of intelligence {unknown}
 Q - an uncursed ring of magical power
Wands
 h - a wand of disintegration (29)
 j - a wand of random effects (71)
 G - a wand of acid (20)
 I - a wand of polymorph (21)
 O - a wand of clouds (3)
 P - a wand of paralysis (7)
 S - a wand of enslavement (8)
Scrolls
 k - 10 scrolls of identify
 m - 3 scrolls of blinking
 n - 4 scrolls of remove curse
 q - 3 scrolls of enchant weapon
 r - 6 scrolls of amnesia
 t - 9 scrolls of teleportation
 u - 7 scrolls of fog
 y - 2 scrolls of enchant armour
 z - 5 scrolls of fear {unknown}
 D - a scroll of magic mapping {unknown}
 J - a scroll of summoning {unknown}
 L - a scroll of random uselessness {unknown}
Potions
 d - 5 potions of might
 g - 3 potions of agility
 s - a potion of flight
 v - a potion of invisibility
 x - 6 potions of heal wounds
 B - 8 potions of curing
 C - 3 potions of haste
 K - a potion of mutation
 T - a potion of brilliance
 U - 2 potions of ambrosia {unknown}
Books
 N - a manual of Stealth
Comestibles
 f - 39 rations


   Skills:
 + Level 12.0 Fighting
 + Level 16.0 Long Blades
 + Level 3.1(3.4) Axes
 + Level 2.2(3.0) Maces & Flails
 + Level 12.1 Armour
 + Level 4.2 Dodging
 + Level 2.1 Stealth
 + Level 15.5 Shields
 + Level 1.4 Invocations
 + Level 1.1 Evocations


You had 12 spell levels left.
You didn't know any spells.
Your spell library contained the following spells:

 Spells                   Type           Power        Failure   Level  Hunger
 Confusing Touch          Hex            #.....       95%         1    ##.....
 Freeze                   Ice            #...         95%         1    ##.....
 Infusion                 Chrm           #...         95%         1    ##.....
 Shock                    Conj/Air       #...         95%         1    ##.....
 Blink                    Tloc           N/A          98%         2    ###....
 Poisonous Vapours        Pois/Air       #.....       98%         2    ###....
 Shroud of Golubria       Chrm/Tloc      #.....       98%         2    ###....
 Song of Slaying          Chrm           #.......     98%         2    ###....
 Swiftness                Chrm/Air       #.......     98%         2    ###....
 Throw Frost              Conj/Ice       #.....       98%         2    ###....
 Confuse                  Hex            #.......     100%        3    ####...
 Conjure Flame            Conj/Fire      #.......     100%        3    ####...
 Gell's Gravitas          Tloc           #.........   100%        3    ####...
 Lesser Beckoning         Tloc           #.........   100%        3    ####...
 Mephitic Cloud           Conj/Pois/Air  #.......     100%        3    ####...
 Ozocubu's Armour         Chrm/Ice       #.......     100%        3    ####...
 Regeneration             Chrm/Necr      #.........   100%        3    ####...
 Spectral Weapon          Hex/Chrm       #.......     100%        3    ####...
 Static Discharge         Conj/Air       #.......     100%        3    ####...
 Teleport Other           Tloc           #.......     100%        3    ####...
 Airstrike                Air            #.........   100%        4    #####..
 Passage of Golubria      Tloc           N/A          100%        4    #####..
 Petrify                  Tmut/Erth      #.......     100%        4    #####..
 Summon Ice Beast         Ice/Summ       #.......     100%        4    #####..
 Throw Icicle             Conj/Ice       #.......     100%        4    #####..
 Lightning Bolt           Conj/Air       #.........   100%        5    ######.
 Metabolic Englaciation   Hex/Ice        #.........   100%        5    ######.
 Yara's Violent Unravell  Hex/Tmut       #.........   100%        5    ######.
 Freezing Cloud           Conj/Ice/Air   #.........   100%        6    #######
 Ring of Flames           Chrm/Fire      #.........   100%        7    #######


Dungeon Overview and Level Annotations

Branches:
Dungeon (12/15)            Temple (0/1) D:6            Lair (6/6) D:9
 Shoals (0/4) Lair:3        Snake (0/4) Lair:3        Slime (0/5) Lair:5
    Orc (0/2) D:11          Sewer (visited)         Ossuary (visited)

Altars:
Cheibriados
Nemelex Xobeh
Okawaru
Qazlal
Sif Muna
Trog
Uskayaw
Wu Jian
Xom
Yredelemnul
Zin

Shops:
D:6 [

Annotations:
D:9 1 runed translucent door, Pumpowlkin's ghost, novice HaHu
Lair:2 3 runed translucent doors, Winsalot's ghost, journeyman DgIE


Innate Abilities, Weirdness & Mutations

You reflexively headbutt those who attack you in melee.
You have a pair of horns on your head.


Message History

The death yak gores you but does no damage.
The death yak gores you.
* * * LOW HITPOINT WARNING * * *
The death yak gores you!
* * * LOW HITPOINT WARNING * * *
The death yak gores you!
* * * LOW HITPOINT WARNING * * *
The death yak barely misses you.
The death yak gores you but does no damage.
The death yak gores you.
* * * LOW HITPOINT WARNING * * *
The death yak gores you but does no damage.
The death yak gores you!
* * * LOW HITPOINT WARNING * * *
The death yak completely misses you. The death yak gores you!!
* * * LOW HITPOINT WARNING * * *
The death yak gores you but does no damage.
The death yak gores you.
You die...

#..## ##..#
#...# ..###
#..P# ..#.##.
#...# ...#...
#P.P# ......8
#
##..##.....÷.
##
##..#Y.Y...#
##. ##@#÷...#
#.. #YY.÷.#
##. #.Y...##
#. #........
## ##..P#####
#.### ###


You could see 3 death yaks.

Vanquished Creatures
  Gastronok (D:8)
  The ghost of Curus the Spear-Bearer, a journeyman MiBe of Trog (Lair:1)
  5 hydras
  2 catoblepae
  6 death yaks
  3 two-headed ogres
  Nergalle (Lair:3)
  A manticore (D:11)
  An ugly thing (D:12)
  2 cyclopes (D:11)
  3 merfolk sirens (Lair:3)
  10 spiny frogs
  4 black mambas
  5 komodo dragons
  2 rime drakes (Lair:1)
  A queen bee (D:11)
  5 trolls
  5 polar bears (Lair:6)
  A hornet (Lair:1)
  A merfolk (Lair:3)
  4 blink frogs (Lair:1)
  5 dream sheep (Lair:6)
  6 hippogriffs
  A vampire (D:12)
  4 spriggans
  A wyvern (D:8)
  16 yaks
  A hungry ghost (D:11)
  Edmund (D:4)
  10 water moccasins
  6 orc warriors
  8 porcupines
  2 black bears
  2 ice beasts
  3 sky beasts
  4 ogres
  16 wolves
  7 centaurs
  3 phantoms
  6 crocodiles
  A big kobold (D:11)
  19 bullfrogs
  Blork the orc (D:4)
  A water moccasin zombie (D:7)
  12 scorpions
  33 killer bees (D:11)
  3 troll zombies (D:11)
  14 wights
  3 howler monkeys
  A lava snake (Lair:6)
  9 crimson imps
  3 bullfrog zombies
  13 orc priests
  2 hounds
  2 human zombies (Ossuary)
  4 centaur skeletons
  3 centaur zombies
  A gnoll shaman (D:8)
  3 jellies
  16 orc wizards
  2 bullfrog skeletons
  Natasha (thrice) (D:3)
  2 iguanas
  7 hell rats
  11 worker ants
  A big kobold zombie (Ossuary)
  5 ogre zombies (D:11)
  A hound skeleton (D:4)
  3 mummies (Ossuary)
  A worker ant zombie (D:8)
  4 scorpion zombies (Ossuary)
  16 adders
  4 gnolls
  7 river rats
  3 shadow imps
  A white imp (D:6)
  2 oozes
  An adder zombie (D:8)
  An adder skeleton (D:8)
  5 worms
  3 dart slugs
  14 leopard geckos
  56 orcs
  5 bats
  13 giant cockroaches
  3 gnoll zombies (Ossuary)
  9 goblins
  10 hobgoblins
  18 jackals
  10 kobolds
  5 quokkas
  8 ball pythons
  11 frilled lizards
  A giant cockroach zombie (D:3)
  A goblin skeleton (D:11)
  8 goblin zombies
  8 hobgoblin zombies
  A leopard gecko skeleton (D:6)
  An orc skeleton (D:11)
  15 orc zombies
  10 rats
  A fungus (Lair:6)
  A plant (Lair:2)
602 creatures vanquished.

Vanquished Creatures (others)
  10 fungi
  8 plants
18 creatures vanquished.

Grand Total: 620 creatures vanquished

Notes
Turn   | Place    | Note
-------+----------+-------------------------------------------
     0 | D:1      | Peloso the Minotaur Fighter began the quest for the Orb.
     0 | D:1      | Reached XP level 1. HP: 19/19 MP: 0/0
   309 | D:1      | Reached XP level 2. HP: 25/27 MP: 1/1
   439 | D:1      | Reached XP level 3. HP: 31/33 MP: 2/2
   852 | D:1      | Reached skill level 3 in Long Blades
  1319 | D:2      | Found an iron altar of Okawaru.
  1327 | D:2      | Became a worshipper of Warmaster Okawaru
  1621 | D:2      | Reached XP level 4. HP: 40/40 MP: 3/3
  2283 | D:3      | Noticed Natasha
  2290 | D:3      | Reached skill level 4 in Long Blades
  2298 | D:3      | Reached XP level 5. HP: 42/46 MP: 4/4
  2310 | D:3      | Killed Natasha
  2310 | D:3      | Reached skill level 5 in Shields
  2405 | D:3      | Reached * piety under Okawaru
  2546 | D:3      | Found a glowing drain.
  2559 | Sewer    | Entered a sewer
  2565 | Sewer    | Reached skill level 5 in Long Blades
  2656 | Sewer    | Reached XP level 6. HP: 53/53 MP: 5/5
  3235 | D:3      | Reached XP level 7. HP: 46/60 MP: 6/6
  3295 | D:3      | Noticed Natasha
  3297 | D:3      | Killed Natasha
  3297 | D:3      | Reached skill level 6 in Long Blades
  3371 | D:3      | Found a glowing silver altar of Zin.
  3482 | D:3      | Noticed Natasha
  3500 | D:3      | Killed Natasha
  3671 | D:4      | Reached skill level 1 in Dodging
  3727 | D:4      | Noticed Edmund
  3748 | D:4      | Killed Edmund
  3748 | D:4      | Reached ** piety under Okawaru
  3748 | D:4      | Reached skill level 5 in Fighting
  3748 | D:4      | Reached skill level 7 in Long Blades
  3748 | D:4      | Reached skill level 5 in Armour
  3970 | D:4      | Got a transparent mace
  3981 | D:4      | Identified the cursed +1 mace "Huwu Voq" {crush, rF+ MR+}
                  | (You found it on level 4 of the Dungeon)
  4043 | D:4      | Reached XP level 8. HP: 65/68 MP: 7/7
  4073 | D:4      | Noticed Blork the orc
  4084 | D:4      | Killed Blork the orc
  4423 | D:5      | Entered Level 5 of the Dungeon
  4501 | D:5      | Reached skill level 1 in Maces & Flails
  4754 | D:5      | Found a bloodstained altar of Trog.
  4900 | D:6      | Got a faintly glowing leather armour
  5043 | D:6      | Found a sand-covered staircase.
  5049 | Ossuary  | Entered an ossuary
  5205 | Ossuary  | Reached skill level 8 in Long Blades
  5251 | Ossuary  | Reached *** piety under Okawaru
  5356 | Ossuary  | Reached XP level 9. HP: 61/75 MP: 8/8
  5517 | D:6      | Found Deiffax's Armour Emporium.
  5519 | D:6      | Found a staircase to the Ecumenical Temple.
  5547 | D:6      | Identified the +2 leather armour of Bistet {Int+2} (You
                  | found it on level 6 of the Dungeon)
  5820 | D:6      | Reached skill level 9 in Long Blades
  5828 | D:6      | Found a shimmering blue altar of Sif Muna.
  6091 | D:6      | Found a stormy altar of Qazlal.
  6400 | D:7      | Reached skill level 10 in Long Blades
  6403 | D:7      | Found a basalt altar of Yredelemnul.
  6461 | D:7      | Reached **** piety under Okawaru
  6664 | D:7      | Reached skill level 10 in Shields
  6748 | D:7      | Found a snail-covered altar of Cheibriados.
  6895 | D:7      | Found a shimmering altar of Xom.
  7611 | D:8      | Noticed a troll
  7612 | D:8      | Reached XP level 10. HP: 48/86 MP: 6/9
  7634 | D:8      | Reached skill level 11 in Long Blades
  7855 | D:8      | Found a sparkling altar of Nemelex Xobeh.
  7948 | D:8      | Noticed Gastronok
  8013 | D:8      | Killed Gastronok
  8013 | D:8      | Reached ***** piety under Okawaru
  8013 | D:8      | Received a gift from Okawaru
  8338 | D:8      | Found a hide-covered altar of Uskayaw.
  8359 | D:8      | Noticed a two-headed ogre
  8365 | D:8      | Killed a two-headed ogre
  8365 | D:8      | Reached skill level 12 in Long Blades
  8535 | D:9      | Received a gift from Okawaru
  8663 | D:9      | Reached skill level 1 in Evocations
  8663 | D:9      | Reached XP level 11. HP: 73/95 MP: 10/10
  8674 | D:9      | Found a staircase to the Lair.
  9238 | D:9      | Found a runed translucent door.
  9238 | D:9      | Identified the +9 spear of the New World {antimagic, rN+}
  9240 | D:9      | Noticed Pumpowlkin's ghost (novice HaHu)
  9330 | D:10     | Entered Level 10 of the Dungeon
  9632 | D:10     | Noticed a two-headed ogre
  9641 | D:10     | Killed a two-headed ogre
  9788 | D:10     | Found an ornate altar of the Wu Jian Council.
 10446 | D:11     | Reached skill level 1 in Invocations
 10476 | D:11     | Reached skill level 13 in Long Blades
 10801 | D:11     | Noticed a two-headed ogre
 10813 | D:11     | Killed a two-headed ogre
 10895 | D:11     | Received a gift from Okawaru
 10994 | D:11     | Found a staircase to the Orcish Mines.
 11007 | D:11     | Got a translucent chain mail {god gift}
 11018 | D:11     | Identified the +1 chain mail of Happiness {*Contam +Fly
                  | rCorr} (Okawaru gifted it to you on level 11 of the
                  | Dungeon)
 11078 | D:11     | Found a sparkling altar of Nemelex Xobeh.
 11086 | D:11     | Noticed a four-headed hydra
 11097 | D:11     | Killed a one-headed hydra
 11237 | D:11     | Reached XP level 12. HP: 104/106 MP: 11/11
 11842 | D:12     | Reached skill level 14 in Long Blades
 12283 | D:12     | Reached skill level 10 in Fighting
 12739 | Lair:1   | Entered Level 1 of the Lair of Beasts
 12846 | Lair:1   | Noticed a seven-headed hydra
 12856 | Lair:1   | Killed a three-headed hydra
 12856 | Lair:1   | Reached skill level 1 in Axes
 13170 | Lair:1   | Reached skill level 10 in Armour
 13263 | Lair:1   | Received a gift from Okawaru
 13547 | Lair:1   | Found a runed translucent door.
 13548 | Lair:1   | Noticed Curus's ghost (journeyman MiBe)
 13715 | Lair:1   | You fall into a shaft and drop 1 floor!
 13765 | Lair:2   | Noticed a seven-headed hydra
 13773 | Lair:2   | Killed a five-headed hydra
 14110 | Lair:2   | Found a runed translucent gate.
 14111 | Lair:2   | Found a runed translucent gate.
 14112 | Lair:2   | Found a runed translucent gate.
 14112 | Lair:2   | Noticed a 12-headed hydra
 14125 | Lair:2   | Noticed Winsalot's ghost (journeyman DgIE)
 14127 | Lair:2   | Noticed a 13-headed hydra
 14467 | Lair:2   | Noticed a catoblepas
 14473 | Lair:2   | Killed a catoblepas
 14789 | Lair:1   | Identified the +8 trident of Rutaw {vamp, +Blink MR- Str+7}
 14849 | Lair:1   | Killed Curus's ghost
 15349 | Lair:3   | Noticed a six-headed hydra
 15364 | Lair:3   | Killed a two-headed hydra
 15364 | Lair:3   | Reached XP level 13. HP: 53/115 MP: 13/13
 15649 | Lair:3   | Found a staircase to the Snake Pit.
 15673 | Lair:3   | Reached ****** piety under Okawaru
 15675 | Lair:3   | Noticed Nergalle
 16037 | Lair:3   | Received a gift from Okawaru
 16042 | Lair:3   | Reached skill level 15 in Long Blades
 16886 | Lair:3   | Killed Nergalle
 16886 | Lair:3   | Reached skill level 1 in Stealth
 16958 | Lair:3   | Found a staircase to the Shoals.
 17579 | Lair:4   | You fall into a shaft and drop 2 floors!
 17579 | Lair:6   | Entered Level 6 of the Lair of Beasts
 18000 | Lair:5   | Received a gift from Okawaru
 18340 | Lair:5   | Found a staircase to the Slime Pits.
 18474 | Lair:5   | Reached skill level 15 in Shields
 19827 | Lair:6   | Received a gift from Okawaru
 19830 | Lair:6   | Got an ichor-stained crystal plate armour {god gift}
 20093 | Lair:6   | Reached skill level 16 in Long Blades
 20129 | Lair:6   | HP: 1/118 [death yak (9)]
 20130 | Lair:6   | Slain by a death yak

Levels and vault maps discovered:
D:1:      eino_arrival_cavern_b, layout_basic, serial_park_tiny_2,
          minmay_pentomino_w2
D:2:      layout_loops_cross, okawaru_ov_weapons_minmay, first_ration,
          serial_bayou_pond_c, glass_columns_b
D:3:      minmay_razor_zed, layout_basic, zin_statuary, portal_sewer_entry_e,
          mrwooster_statue_mirror, kennysheep_generic_room_11, uniq_natasha
D:4:      layout_basic, uniq_blork_the_orc, uniq_edmund
D:5:      layout_gridville, kennysheep_mini, minmay_statues_item
D:6:      layout_basic, marbit_many_paths, kennysheep_mini_moat,
          minmay_temple_entry_grid, enter_ossuary_5, serial_shops, shop,
          chequers_decorated_corner, minmay_fire_ice_demons
D:7:      layout_layer_cave, nicolae_overflow_crystal_walls,
          lemuel_crystal_altar, slow_altar_1, the_bakery
D:8:      layout_loops_cross, eat_drink_and_be_merry_uskayaw,
          nemelex_xobeh_ov_fountains_minmay, minmay_manual_maat, uniq_gastronok
D:9:      layout_irregular_city, lair_entry_dummy, ebering_ghost_funeral_grove,
          hangedman_abyss_or_decor_stagger, chequers_serial_rivers_micro_e
D:10:     layout_basic, basic_altar
D:11:     layout_roguey [special_room_bee], zombieorc2_lemuel, minivault_1,
          lemuel_altar_in_water
D:12:     layout_stronghold
Lair:1:   layout_regular_city, ebering_ghost_funeral_grove, beast_lair_carwin_9,
          lemuel_fruit_fields, serial_bayou_shore_b, grunt_megastairs_4,
          lemuel_fruit_tree
Lair:2:   layout_chaotic_city, gammafunk_ghost_hydra_chop, hibernation_bobbens
Lair:3:   layout_chaotic_city, elwin_shoals_entry_stream, dummy_snake_entry,
          kennysheep_rathole, uniq_nergalle
Lair:4:   layout_concentric_octagons
Lair:5:   cheibrodos_lair_river_kwai, layout_long_grid, slime_dummy
Lair:6:   grunt_lair_end_beastmaster, layout_gridlike, serial_bayou_shore_b

Skill      XL: |  1  2  3  4  5  6  7  8  9 10 11 12 13 |
---------------+----------------------------------------+-----
Armour         | 4 5 6 7 8 9 11 12 | 12.1
Fighting       | 4 5 6 7 8 9 10 12 | 12.0
Long Blades    | 3 4 5 7 8 10 12 13 14 16 | 16.0
Shields        | 4 5 6 7 8 10 11 13 14 15 | 15.5
Dodging        | 1 2 3 4 |  4.2
Maces & Flails | 2 |  2.2
Evocations     | 1 |  1.1
Invocations    | 1 |  1.4
Axes           | 2 3 |  3.1
Stealth        | 2 |  2.1

Action                   |  1- 3 |  4- 6 |  7- 9 | 10-12 | 13-15 || total
-------------------------+-------+-------+-------+-------+-------++-------
Melee: Long sword        |   104 |   207 |   439 |    94 |       ||   844
       Headbutt          |    15 |    57 |   145 |   262 |    91 ||   570
       Mace              |       |       |    32 |       |       ||    32
       Scimitar          |       |       |       |   663 |       ||   663
       War axe           |       |       |       |    26 |    10 ||    36
       Double sword      |       |       |       |   121 |   306 ||   427
Invok: Heroism           |       |       |     3 |    12 |     2 ||    17
Evoke: Wand              |       |       |       |     2 |       ||     2
  Use: Potion            |     4 |       |     2 |     1 |       ||     7
       Scroll            |       |     7 |     4 |     8 |     1 ||    20
 Stab: Petrified         |       |       |       |       |     4 ||     4
       Petrifying        |       |       |       |       |     1 ||     1
  Eat: Chunk             |     2 |     6 |    14 |    23 |     8 ||    53
       Ration            |       |       |       |     1 |     2 ||     3
Armor: Scale mail        |    34 |       |       |       |       ||    34
       Plate armour      |    30 |   160 |   226 |   263 |       ||   679
       Chain mail        |       |       |       |   147 |   140 ||   287
Dodge: Dodged            |    29 |    39 |    88 |   263 |    90 ||   509
Block: Shield            |    61 |   179 |   320 |   695 |   225 ||  1480
       Rpst.: Long sword |     4 |    10 |    21 |     9 |       ||    44
       Scimitar          |       |       |       |    45 |       ||    45
       Double sword      |       |       |       |     7 |    20 ||    27
